Map: Odyssey LE

Players

LiquidTLO (TLO)

  • Race: Zerg Zerg
  • League: Grandmaster
  • Spawn Location: 11:00

Bly - Winner!

  • Race: Zerg Zerg
  • League: Grandmaster
  • Spawn Location: 5:00

Event: HomeStory Cup XVI

VOD

Have the link to the VOD?

Description

Time

  • Played on: Nov. 10, 2017, 11:05 a.m.
  • Length: 5:01

All games in this series

Show
View Real Time Build Order
Export as new Build Order

LiquidTLO Zerg 

Build Orders: Pool First 

Get SALT Encoding   

  12  0:01  Drone  
  13  0:21  Spawning Pool  
  13  0:27  Extractor, Drone  
  12  0:32  Drone  
  13  0:38  Drone  
  14  0:46  Overlord  
  14  1:09  Zergling x4  
  16  1:11  Zergling x2  
  17  1:22  Zergling x2  
  18  1:32  Metabolic Boost  
  18  1:40  Hatchery  
  18  1:44  Zergling x2  
  18  1:47  Zergling x2  
  18  1:54  Zergling x2  
  20  2:03  Queen  
  22  2:11  Overlord  
  21  2:26  Zergling x2  
  22  2:31  Zergling x2  
  24  2:37  Zergling x2  
  24  2:41  Queen  
  26  2:48  Zergling x2  
  27  2:52  Zergling x2  
  28  2:58  Zergling x2  
  28  3:04  Zergling x2  
  26  3:08  Zergling x2  
  26  3:11  Zergling x4  
  28  3:21  Baneling Nest  
  28  3:22  Zergling x2  
  28  3:27  Zergling x2  
  29  3:30  Zergling x2  
  30  3:35  Zergling x2  
  30  3:40  Zergling x2  
  32  3:46  Zergling x2  
  33  3:58  Overlord  
  33  4:06  Baneling x3  
  33  4:09  Baneling  
  32  4:13  Zergling x2  
  30  4:18  Zergling x2  
  28  4:24  Zergling x2  
  28  4:29  Drone  
  27  4:35  Drone  
  27  4:36  Drone  
  26  4:41  Drone  
Show
View Real Time Build Order
Export as new Build Order

Bly Zerg - Winner!

Build Orders: Hatch First 

Get SALT Encoding   

  12  0:01  Drone  
  13  0:12  Overlord  
  13  0:16  Drone  
  14  0:30  Drone x2  
  14  0:34  Drone  
  17  0:52  Hatchery  
  17  0:55  Drone  
  17  0:58  Drone  
  17  1:03  Extractor  
  17  1:13  Spawning Pool  
  17  1:15  Drone  
  17  1:19  Drone  
  18  1:27  Drone  
  19  1:38  Overlord  
  19  2:00  Queen  
  22  2:01  Zergling x4  
  22  2:03  Queen  
  22  2:04  Zergling x2  
  26  2:11  Zergling x2  
  26  2:15  Zergling x2  
  28  2:26  Drone x2  
  27  2:33  Drone  
  28  2:42  Spine Crawler  
  27  2:45  Queen  
  29  2:52  Drone  
  30  3:01  Zergling x6  
  31  3:06  Queen  
  31  3:11  Evolution Chamber  
  32  3:15  Metabolic Boost  
  32  3:27  Drone x3  
  35  3:36  Drone  
  35  3:39  Overlord  
  36  3:52  Overlord  
  36  3:56  Evolution Chamber  
  36  3:57  Spine Crawler  
  34  4:03  Evolution Chamber  
  34  4:07  Queen  
  35  4:10  Zergling x4  
  35  4:14  Evolution Chamber  
  36  4:18  Zergling x2  
  36  4:19  Zergling x2  
  36  4:28  Zergling x4  
  36  4:29  Zergling x2  
  26  4:41  Drone x2  
Tags
 
Add a new tag
Caveats
  • Supply blocks, unpowered buildings, or Contaminate may cause inaccurate times.
  • Supply counts are checked every 10 seconds.